 Dungeon Crawl Stone Soup version 0.27-a0-1230-gfc7c993222 (webtiles) character file.

Game seed: 13575783127691271527

65 27snakeeyes612 the Skirmisher (level 4, -4/42 HPs)
             Began as a Naga Fighter on June 8, 2021.
             Slain by a scorpion (5 damage)
             ... on level 2 of the Dungeon.
             The game lasted 00:01:48 (2200 turns).

27snakeeyes612 the Skirmisher (Naga Fighter)        Turns: 2200, Time: 00:01:49

Health: -4/42      AC:  5    Str: 19    XL:     4   Next: 13%
Magic:  4/4        EV:  5    Int:  9    God:
Gold:   77         SH:  8    Dex: 10    Spells: 3/3 levels left

rFire    . . .     SeeInvis +   a - +0 war axe
rCold    . . .     Faith    .   c - +0 kite shield
rNeg     . . .     Spirit   .   b - +0 scale mail
rPois    +         Reflect  .   (no helmet)
rElec    .         Harm     .   (no cloak)
rCorr    .         Rampage  .   (no gloves)
Will     .....                  (no barding)
Stlth    ..........             (no amulet)
HPRegen  0.14/turn              (no ring)
MPRegen  0.09/turn              (no ring)

@: mighty, lethally poisoned (-4 -> -9), short of breath, very slow
A: AC +1, large, see invisible, deformed body, poison resistance, slowness 2,
spit poison 1, naga tail 1
a: Spit Poison


You were on level 2 of the Dungeon.
You visited 1 branch of the dungeon, and saw 2 of its levels.

You collected 77 gold pieces.

Inventory:

Hand Weapons
 a - a +0 war axe (weapon)
Armour
 b - a +0 scale mail (worn)
 c - a +0 kite shield (worn)
Scrolls
 e - a scroll of teleportation {unknown}
 f - 2 scrolls of identify {unknown}
 g - 2 scrolls of noise {unknown}
 h - 2 scrolls of vulnerability {unknown}
 j - a scroll of blinking {unknown}
Potions
 d - a potion of might
 i - a potion of invisibility {unknown}
 k - a potion of magic {unknown}


   Skills:
 + Level 3.3 Fighting
 + Level 3.0 Axes
 + Level 2.8 Armour
 + Level 0.3 Dodging
 + Level 2.7 Shields


You had 3 spell levels left.
You didn't know any spells.
Your spell library was empty.

Dungeon Overview and Level Annotations

Branches:
Dungeon (2/15)

Altars:

Shops:
D:2 [?:=


Innate Abilities, Weirdness & Mutations

Your serpentine skin is tough. (AC +1)
You have supernaturally acute eyesight. (SInv)
Armour fits poorly on your strangely shaped body.
Your system is resistant to poisons. (rPois)
You cover ground very slowly.
You can spit poison.
You have a snake-like lower body.


Message History

The scorpion barely misses you. The scorpion closely misses you.
The hobgoblin hits you but does no damage.
You hit the scorpion.
The scorpion is heavily wounded.
You slash the hobgoblin!
You kill the hobgoblin!
The scorpion stings you! The scorpion barely misses you.
Your shield prevents you from hitting the scorpion.
The scorpion is heavily wounded.
The scorpion stings you. x2
You are poisoned.
The scorpion poisons you!
You are too injured to fight recklessly!
You are too injured to fight recklessly!
You are too injured to fight recklessly!
You are too injured to fight recklessly!
A scorpion is nearby!
A scorpion is nearby!
You are too injured to fight recklessly!
You are too injured to fight recklessly!
Abil: Spit Poison
Press: ? - help, Q - select action Shift-Dir - straight line, f - scorpion
Aim: a scorpion (heavily wounded)
The splash of poison hits the scorpion but does no damage.
The scorpion is heavily wounded.
* * * LOW HITPOINT WARNING * * *
You feel very sick.
The scorpion stings you but does no damage.
You feel very mighty all of a sudden.
* * * LOW HITPOINT WARNING * * *
You feel sick. The scorpion stings you.
* * * LOW HITPOINT WARNING * * *
You closely miss the scorpion.
The scorpion is heavily wounded.
* * * LOW HITPOINT WARNING * * *
You feel very sick. The scorpion stings you.
* * * LOW HITPOINT WARNING * * *
The scorpion stings you.
You die...

#....#...#...†#
#######..#.######†#
#.....<....#....#.#
#........#.#.##.#.#
#......).....##.#.#
#.......#.##.##.#.#
#.......#.#####...#
#.....).#....######
#..†@...####.#
#.....s....#
#.########
#.....######
#......... #.....
########## #.....
#.... #... #...


You could see a scorpion.

Vanquished Creatures
  2 adders (D:2)
  A dart slug (D:2)
  3 endoplasms (D:1)
  A giant cockroach (D:1)
  5 goblins
  4 hobgoblins
  6 jackals
  A kobold (D:2)
  A quokka (D:1)
  6 ball pythons
  4 bats
  A frilled lizard (D:1)
  9 rats
44 creatures vanquished.

Notes
Turn   | Place    | Note
-------+----------+-------------------------------------------
     0 | D:1      | 27snakeeyes612 the Naga Fighter began the quest for the
                  | Orb.
     0 | D:1      | Reached XP level 1. HP: 21/21 MP: 1/1
   402 | D:1      | Reached XP level 2. HP: 28/28 MP: 2/2
  1577 | D:2      | Found Onylypp's Armour Shoppe.
  1582 | D:2      | Reached XP level 3. HP: 31/34 MP: 3/3
  1616 | D:2      | Found Vumimmy's Magic Scroll Shoppe.
  1902 | D:2      | Reached XP level 4. HP: 38/42 MP: 4/4
  2027 | D:2      | Found Osumat's Book Shoppe.
  2079 | D:2      | Found a faded altar of an unknown god.
  2129 | D:2      | Found Weschi's Jewellery Boutique.
  2192 | D:2      | Noticed a scorpion
  2200 | D:2      | HP: 1/42 [scorpion (3)]
  2200 | D:2      | Slain by a scorpion

Illustrated notes

Levels and vault maps discovered:
D:1:      nagdon_arrival_double_spiral, layout_loops_ring
D:2:      layout_basic, serial_shops, nicolae_shop_behind_doors, shop, shop,
          nicolae_shop_waterfront, shapermc_ecumenical_altar_mp_vishouse

Skill      XL: |  1  2  3 |
---------------+----------+-----
Axes           | 3 |  3.0
Fighting       | |  3.3
Armour         | |  2.8
Dodging        | |  0.3
Shields        | |  2.7

Action                   |  1- 3 |  4- 6 || total
-------------------------+-------+-------++-------
Melee: War axe           |   114 |    10 ||   124
 Abil: Spit Poison       |       |     1 ||     1
  Use: Potion            |       |     1 ||     1
Armor: Scale mail        |    47 |     6 ||    53
Dodge: Dodged            |    44 |     4 ||    48
Block: Kite shield       |    60 |     6 ||    66

Table legend: (Time is in decaauts)
 A = Elapsed time spent in this place.
 B = Non-inter-level travel time spent in this place.
 C = Inter-level travel time spent in this place.
 D = Time resting spent in this place.
 E = Time spent auto-exploring this place.
 F = Levels seen in this place.
 G = Mean time per level.
                   A        B        C        D        E       F      G
               +--------+--------+--------+--------+--------+-----+--------+
         Total |   2802 |   2488 |    314 |      0 |   2150 |   2 | 1401.0 |
       Dungeon |   2802 |   2488 |    314 |      0 |   2150 |   2 | 1401.0 |
               +--------+--------+--------+--------+--------+-----+--------+

Top non-repeatable levels by time:
     D:1: 1984 daAuts
     D:2: 818 daAuts
